 Dungeon Crawl Stone Soup version 0.31-a0-345-g1ebeae05c6 (webtiles) character file.

Game seed: 9677746245128783712

1 Sabo the Trooper (level 1, 0/18 HPs)
             Began as a Demonspawn Monk on July 22, 2023.
             Slain by a kobold
             ... wielding a +0 short sword
              (2 damage)
             ... on level 1 of the Dungeon.
             The game lasted 00:00:43 (76 turns).

Sabo the Trooper (Demonspawn Monk)                    Turns: 76, Time: 00:00:43

Health: 0/18       AC:  8    Str: 11    XL:     1   Next: 16%
Magic:  1/1        EV:  6    Int: 11    God:
Gold:   0          SH:  0    Dex: 15    Spells: 0/0 levels left

rFire   . . .        a - +0 hand axe
rCold   . . .        d - orb {light}
rNeg    . . .        e - +0 chain mail
rPois   .            (no helmet)
rElec   .            (no cloak)
rCorr   .            (no gloves)
SInv    .            (no boots)
Will    .....        (no amulet) Stlth
                     (no ring)
HPRegen 0.23/turn    (no ring)
MPRegen 0.07/turn

%: no passive effects
@: confused, ambrosia-drunk, glowing
A: no striking features
a: no special abilities


You were on level 1 of the Dungeon.
You visited 1 branch of the dungeon, and saw 1 of its levels.

Inventory:

Hand Weapons
 a - a +0 hand axe (weapon)
Armour
 d - an orb of light (worn)
 e - a +0 chain mail (worn)
Potions
 b - a potion of degeneration {unknown}


   Skills:
 + Level 3.0 Fighting
 + Level 2.7 Axes
 + Level 2.7 Dodging


You couldn't memorise any spells.
You didn't know any spells.
Your spell library was empty.

Dungeon Overview and Level Annotations

Branches:
Dungeon (1/15)

Altars:


Message History

You barely miss the kobold. You hit the kobold but do no damage.
The quokka bites you. The kobold hits you but does no damage.
The kobold hits you with a +0 short sword.
You hit the quokka but do no damage.
The quokka is lightly wounded.
You hit the kobold but do no damage. You hit the kobold.
You kill the kobold!
The quokka bites you but does no damage.
The kobold throws a stone.
The stone hits you but does no damage. The kobold hits you but does no damage.
You hit the quokka.
The quokka is heavily wounded.
You hit the kobold. The quokka barely misses you.
The kobold throws a stone.
The stone completely misses you. The kobold hits you with a +0 dagger.
* * * LOW HITPOINT WARNING * * *
The quokka bites you but does no damage.
You barely miss the quokka.
The quokka is heavily wounded.
You hit the kobold but do no damage. The kobold completely misses you.
The quokka bites you.
* * * LOW HITPOINT WARNING * * *
You barely miss the quokka.
The quokka is heavily wounded.
You hit the kobold but do no damage. You hit the kobold.
The quokka barely misses you. The kobold hits you but does no damage.
The kobold barely misses you.
The quokka bites you but does no damage.
The kobold hits you with a +0 dagger.
* * * LOW HITPOINT WARNING * * *
The kobold hits you but does no damage.
You closely miss the quokka.
The quokka is heavily wounded.
You barely miss the kobold. You hit the kobold but do no damage.
The quokka bites you but does no damage.
The kobold hits you but does no damage. x2
You are confused.
You feel invigorated. The quokka bites you.
* * * LOW HITPOINT WARNING * * *
The kobold hits you with a +0 short sword.
You die...

#.#######
#........
.........
#........
#........
#........ #.##
#.####K...?...
...# #.?.r@K#
[8. #####..#
... #..# #.#
#..### #.#
##...## #.##
######.#..#
.[.#
#.......#....
.<.#
#.......#...$.
...# #......†#
....


You could see a quokka and 2 kobolds.

Vanquished Creatures
  A kobold (D:1)
  A rat (D:1)
2 creatures vanquished.

Notes
Turn   | Place    | Note
-------+----------+-------------------------------------------
     0 | D:1      | Sabo the Demonspawn Monk began the quest for the Orb.
     0 | D:1      | Reached XP level 1. HP: 18/18 MP: 1/1
    76 | D:1      | Slain by a kobold

Illustrated notes

Levels and vault maps discovered:
D:1:      minmay_arrival_nine_rooms, layout_basic

Action                     || total
---------------------------++-------
  Melee: Hand axe          ||    14
    Use: Potion            ||     1
 Armour: Chain mail        ||    23
  Dodge: Dodged            ||    10

Table legend: (Time is in decaauts)
 A = Elapsed time spent in this place.
 B = Non-inter-level travel time spent in this place.
 C = Inter-level travel time spent in this place.
 D = Time resting spent in this place.
 E = Time spent auto-exploring this place.
 F = Levels seen in this place.
 G = Mean time per level.
                   A        B        C        D        E       F      G
               +--------+--------+--------+--------+--------+-----+--------+
         Total |     78 |     78 |      0 |      0 |      0 |   1 |   78.0 |
       Dungeon |     78 |     78 |      0 |      0 |      0 |   1 |   78.0 |
               +--------+--------+--------+--------+--------+-----+--------+

Top non-repeatable levels by time:
     D:1: 78 daAuts
